 Dungeon Crawl Stone Soup version 0.28-a0-804-g60983d4ba9 (webtiles) character file.

Game seed: 17752733433881261685

62 ryw the Thaumaturge (level 4, -1/31 HPs)
             Began as a Gnoll Wanderer on Nov 7, 2021.
             Was a Follower of Ru.
             Succumbed to an adder's poison
             ... on level 2 of the Dungeon.
             The game lasted 00:05:06 (2275 turns).

ryw the Thaumaturge (Gnoll Wanderer)                Turns: 2275, Time: 00:05:08

Health: -1/31      AC:  2    Str: 12    XL:     4   Next: 8%
Magic:  16/16      EV: 11    Int: 12    God:    Ru [*.....]
Gold:   77         SH:  0    Dex: 11    Spells: 19/23 levels left

rFire   . . .      SeeInvis .   h - +3 mace
rCold   . . .      Faith    .   (no shield)
rNeg    . . .      Spirit   .   d - +0 robe
rPois   .          Reflect  .   (no helmet)
rElec   .          Harm     .   (no cloak)
rCorr   .          Rampage  .   (no gloves)
Will    .....                   (no boots)
Stlth   ++........              (no amulet)
HPRegen 0.10/turn               (no ring)
MPRegen 0.15/turn               (no ring)

@: lethally poisoned (-1 -> -12)
A: fangs 1, unskilled 1, strong nose, distributed training
a: Renounce Religion


You were on level 2 of the Dungeon.
You worshipped Ru.
Ru was aware of your devotion.
You visited 1 branch of the dungeon, and saw 2 of its levels.

You collected 77 gold pieces.

Inventory:

Hand Weapons
 h - a +3 mace (weapon)
Armour
 d - a +0 robe (worn)
Wands
 a - a wand of acid (9)
Scrolls
 b - a scroll of fear
 e - a scroll of brand weapon {unknown}
 g - a scroll of blinking {unknown}
 k - a scroll of teleportation {unknown}
Potions
 c - a potion of lignification
 i - a potion of resistance
 j - a potion of flight


   Skills:
 + Level 0.9 Fighting
 + Level 0.9 Short Blades
 + Level 0.9 Long Blades
 + Level 0.9 Axes
 + Level 0.9 Maces & Flails
 + Level 0.9 Polearms
 + Level 0.9 Staves
 + Level 0.9 Slings
 + Level 0.9 Bows
 + Level 0.9 Crossbows
 + Level 0.9 Throwing
 + Level 0.9 Armour
 + Level 0.9 Dodging
 + Level 2.2 Stealth
 + Level 2.4 Shields
 + Level 0.9 Unarmed Combat
 + Level 10.4 Spellcasting
 + Level 0.6 Conjurations
 + Level 0.6 Hexes
 + Level 0.6 Summonings
 + Level 3.4 Necromancy
 + Level 0.6 Translocations
 + Level 0.6 Transmutations
 + Level 0.6 Fire Magic
 + Level 0.6 Ice Magic
 + Level 2.0 Air Magic
 + Level 0.6 Earth Magic
 + Level 0.6 Poison Magic
 + Level 1.0 Invocations
 + Level 0.9 Evocations


You had 19 spell levels left.
You knew the following spells:

 Your Spells              Type           Power      Damage    Failure   Level
a - Pain                  Necr           56%        1d6       2%          1
b - Vampiric Draining     Necr           14%        2d7       9%          3

Your spell library contained the following spells:

 Spells                   Type           Power      Damage    Failure   Level
 Beastly Appendage        Tmut           14%        N/A       9%          1
 Wereblood                Tmut           7%         N/A       14%         2
 Spider Form              Tmut/Pois      7%         N/A       26%         3


Dungeon Overview and Level Annotations

Branches:
Dungeon (2/15)

Altars:
Ru


Innate Abilities, Weirdness & Mutations

You have very sharp teeth.
You are somewhat unskilled. (-1 Apt)
Your uncanny sense of smell can sniff out nearby items.
Your experience applies equally to all skills.


Message History

The dart slug is heavily wounded.
The dart slug barely misses you.
You sock the dart slug!
You kill the dart slug!
No target in view!
e - a scroll labelled OHIOPSE TAAMM No target in view!
There is a stone staircase leading down here.
You closely miss the frilled lizard.
The frilled lizard hisses angrily.
The adder hisses angrily.
The frilled lizard bites you. The frilled lizard barely misses you.
You hit the frilled lizard.
You kill the frilled lizard!
The adder bites you.
You are poisoned.
The adder poisons you!
You barely miss the adder.
You feel sick. The adder bites you but does no damage. The adder bites you.
You closely miss the adder.
You feel sick. The adder bites you.
You are more poisoned.
The adder poisons you! The adder bites you.
You are more poisoned.
The adder poisons you!
You closely miss the adder.
You feel very sick. The adder bites you.
You are more poisoned.
The adder poisons you!
You closely miss the adder.
* * * LOW HITPOINT WARNING * * *
You feel very sick. The adder closely misses you. The adder barely misses you.
You sock the adder!
The adder is severely wounded.
* * * LOW HITPOINT WARNING * * *
You feel very sick. The adder barely misses you. The adder misses you.
You sock the adder!
You kill the adder!
You die...

#.##########.#######
#....# #..#####
####.# ##......# #.#
#..####..# #.# #.##∆∆
# ###.# ##.#∆ ∆∆
##.#.# ##..# ∆∆ .
######....###...##∆
### .
..........@.'....#
+###.##.
######....###..###
#S')..#. ##.#.#
#.##rSl)###)##.
###.###.#..lSl#.#'#..
#...##.#$..:w#.....#
#.#.##.#[[/..#.###S#
#...##.##...##l# #.#
#.#####.#####..###.#
#.# #..........S.#


There were no monsters in sight!

Vanquished Creatures
  3 adders (D:2)
  4 dart slugs
  5 bats
  5 endoplasms
  3 hobgoblins
  6 kobolds
  A quokka (D:1)
  4 ball pythons
  3 frilled lizards
  5 rats
39 creatures vanquished.

Notes
Turn   | Place    | Note
-------+----------+-------------------------------------------
     0 | D:1      | Reached skill level 11 in Spellcasting
     0 | D:1      | ryw the Gnoll Wanderer began the quest for the Orb.
     0 | D:1      | ryw set off with the following items: a +2 dagger, a scroll
                  | of fear, a potion of lignification, a +0 robe; and the
                  | following spell memorised: Pain; and the following spells
                  | available to memorise: Vampiric Draining
     0 | D:1      | Reached XP level 1. HP: 13/13 MP: 12/12
   236 | D:1      | Found a faded altar of an unknown god.
   244 | D:1      | Prayed at the altar of an unknown god.
   244 | D:1      | Became a worshipper of Ru the Awakened
   255 | D:1      | Gained mutation: You are somewhat unskilled. (-1 Apt) [Ru
                  | sacrifice]
   255 | D:1      | Reduced skill Spellcasting to level 10
   255 | D:1      | Reduced skill Air Magic to level 1
   255 | D:1      | Reached * piety under Ru
   378 | D:1      | Reached XP level 2. HP: 13/19 MP: 13/13
  1223 | D:1      | Reached XP level 3. HP: 20/25 MP: 14/14
  1497 | D:2      | Learned a level 3 spell: Vampiric Draining
  1908 | D:2      | Reached skill level 1 in Invocations
  1910 | D:2      | HP: 1/25 [poisoned by an adder]
  1923 | D:2      | Reached XP level 4. HP: 8/31 MP: 16/16
  2275 | D:2      | Succumbed to an adder's poison

Illustrated notes

Levels and vault maps discovered:
D:1:      dpeg_arrival_round_c, layout_loops_corners,
          shapermc_ecumenical_altar_pompeii
D:2:      kennysheep_the_goblin_king, layout_loops_corners,
          minmay_joined_circles

Skill      XL: |  1  2  3 |
---------------+----------+-----
Spellcasting   | 10 | 10.4
Air Magic      | 1 2 |  2.0
Invocations    | 1 |  1.0
Fighting       | |  0.9
Short Blades   | |  0.9
Long Blades    | |  0.9
Axes           | |  0.9
Maces & Flails | |  0.9
Polearms       | |  0.9
Staves         | |  0.9
Slings         | |  0.9
Bows           | |  0.9
Crossbows      | |  0.9
Throwing       | |  0.9
Armour         | |  0.9
Dodging        | |  0.9
Stealth        | |  2.2
Shields        | |  2.4
Unarmed Combat | |  0.9
Conjurations   | |  0.6
Hexes          | |  0.6
Summonings     | |  0.6
Necromancy     | |  3.4
Translocations | |  0.6
Transmutations | |  0.6
Fire Magic     | |  0.6
Ice Magic      | |  0.6
Earth Magic    | |  0.6
Poison Magic   | |  0.6
Evocations     | |  0.9

Action                   |  1- 3 |  4- 6 || total
-------------------------+-------+-------++-------
Melee: Dagger            |    15 |       ||    15
       Mace              |    64 |    11 ||    75
       Bite              |     2 |       ||     2
Invok: Sacrifice Skill   |     1 |       ||     1
  Use: Potion            |     4 |       ||     4
 Stab: Sleeping          |     8 |     1 ||     9
Armor: Robe              |    13 |     1 ||    14
Dodge: Dodged            |    35 |     7 ||    42

Table legend: (Time is in decaauts)
 A = Elapsed time spent in this place.
 B = Non-inter-level travel time spent in this place.
 C = Inter-level travel time spent in this place.
 D = Time resting spent in this place.
 E = Time spent auto-exploring this place.
 F = Levels seen in this place.
 G = Mean time per level.
                   A        B        C        D        E       F      G
               +--------+--------+--------+--------+--------+-----+--------+
         Total |   2301 |   2262 |     39 |    227 |   1676 |   2 | 1150.5 |
       Dungeon |   2301 |   2262 |     39 |    227 |   1676 |   2 | 1150.5 |
               +--------+--------+--------+--------+--------+-----+--------+

Top non-repeatable levels by time:
     D:1: 1418 daAuts
     D:2: 883 daAuts
